 Dungeon Crawl Stone Soup version 0.30.1-4-g462c640d31 (webtiles) character file.

Game seed: 4330922227007351346

16278 GimliDwarf the Nimble (level 12, -4/92 HPs)
             Began as a Gnoll Wanderer on Aug 10, 2023.
             Was an Elder of Okawaru.
             Slain by a death yak (22 damage)
             ... on level 1 of the Lair of Beasts on Aug 11, 2023.
             The game lasted 01:03:01 (14621 turns).

GimliDwarf the Nimble (Gnoll Wanderer)             Turns: 14621, Time: 01:03:01

Health: -4/92      AC: 10    Str: 10    XL:     12   Next: 35%
Magic:  0/23       EV: 19    Int: 13    God:    Okawaru [****..]
Gold:   181        SH:  0    Dex: 20    Spells: 10/26 levels left

rFire   . . .        y - +7 captain's cutlass {speed, disarm}
rCold   . . .        (no shield)
rNeg    . . .        A - +2 leather armour {Will+}
rPois   +            n - +0 helmet
rElec   .            (no cloak)
rCorr   .            f - +2 pair of gloves {Dex+3}
SInv    .            (no boots)
Will    +....        (no amulet)
Stlth   ++++         g - ring of poison resistance
HPRegen 0.35/turn    u - ring of flight
MPRegen 0.18/turn

%: no passive effects
@: flying
A: fangs 1, strong nose, distributed training
a: Renounce Religion, Heroism, Finesse


You were on level 1 of the Lair of Beasts.
You worshipped Okawaru.
Okawaru was greatly pleased with you.
You visited 3 branches of the dungeon, and saw 13 of its levels.
You also visited: Bailey.

You collected 775 gold pieces.
You spent 594 gold pieces at shops.

Inventory:

Hand Weapons
 d - a +4 trident
 y - the +7 captain's cutlass (weapon) {speed, disarm}
   (You bought it in a shop on level 1 of the Dungeon)
 H - a +5 long sword
Missiles
 c - 11 boomerangs (quivered)
 k - 3 curare-tipped darts
 l - 6 throwing nets
 q - 2 boomerangs of dispersal
Armour
 f - a +2 pair of gloves of dexterity (worn)
 n - a +0 helmet (worn)
 A - a +2 leather armour of willpower (worn)
 F - a +0 pair of boots
 I - a +0 troll leather armour
Jewellery
 b - a ring of see invisible
 g - a ring of poison resistance (left hand)
 u - a ring of flight (right hand)
 E - a ring of magical power
 J - a ring of resist corrosion
Wands
 h - a wand of acid (3)
 i - a wand of flame (23)
Scrolls
 e - 7 scrolls of teleportation
 j - 2 scrolls of blinking
 t - 2 scrolls of poison
 w - 3 scrolls of amnesia
 G - a scroll of fear
Potions
 a - 3 potions of haste
 m - a potion of ambrosia
 o - 4 potions of flight
 p - 4 potions of lignification
 r - a potion of berserk rage
 s - 5 potions of curing
 v - a potion of brilliance {unknown}
 x - 2 potions of might
 z - 4 potions of heal wounds
 B - 3 potions of magic
 C - 3 potions of mutation {unknown}
 D - a potion of experience {unknown}


   Skills:
 + Level 8.0 Fighting
 + Level 7.5 Short Blades
 + Level 10.0 Long Blades
 + Level 7.5 Axes
 + Level 7.5 Maces & Flails
 + Level 7.5 Polearms
 + Level 7.5 Staves
 + Level 7.5 Ranged Weapons
 + Level 8.0 Throwing
 + Level 7.5 Armour
 + Level 11.3 Dodging
 + Level 7.9 Stealth
 + Level 7.5 Shields
 + Level 7.5 Unarmed Combat
 + Level 7.5 Spellcasting
 + Level 6.2 Conjurations
 + Level 6.2 Hexes
 + Level 6.2 Summonings
 + Level 6.2 Necromancy
 + Level 6.2 Translocations
 + Level 6.2 Transmutations
 + Level 6.2 Fire Magic
 + Level 6.2 Ice Magic
 + Level 6.2 Air Magic
 + Level 6.2 Earth Magic
 + Level 6.2 Poison Magic
 + Level 8.2 Invocations
 + Level 7.5 Evocations


You had 10 spell levels left.
You knew the following spells:

 Your Spells              Type           Power      Damage    Failure   Level
a - Foxfire               Conj/Fire      84%        2x1d8     1%          1
b - Vampiric Draining     Necr           21%        2d7       4%          3
c - Portal Projectile     Hex/Tloc       42%        N/A       4%          3
d - Swiftness             Air            21%        N/A       4%          3
e - Confusing Touch       Hex            21%        N/A       4%          3
f - Gell's Gravitas       Tloc           21%        N/A       4%          3

Your spell library contained the following spells:

 Spells                   Type           Power      Damage    Failure   Level
 Slow                     Hex            84%        N/A       1%          1
 Ensorcelled Hibernation  Hex/Ice        42%        N/A       2%          2
 Lesser Beckoning         Tloc           42%        N/A       2%          2
 Passwall                 Tmut/Erth      17%        N/A       2%          2
 Inner Flame              Hex/Fire       21%        N/A       4%          3
 Teleport Other           Tloc           21%        N/A       4%          3
 Leda's Liquefaction      Hex/Erth       10%        N/A       14%         4
 Passage of Golubria      Tloc           21%        N/A       14%         4
 Fireball                 Conj/Fire      10%        3d6       36%         5
 Yara's Violent Unravell  Hex/Tmut       10%        3d6       36%         5
 Plasma Beam              Fire/Air       10%        2x1d23    91%         6
 Starburst                Conj/Fire      10%        6d5       91%         6
 Enfeeble                 Hex            10%        N/A       100%        7
 Call Canine Familiar     Summ           Unusable   N/A       N/A         3
 Tukima's Dance           Hex            Unusable   N/A       N/A         3

Dungeon Overview and Level Annotations

Branches:
Dungeon (11/15)            Temple (1/1) D:5            Lair (1/5) D:10
    Orc (0/2) D:9          Bailey (visited)

Altars:
Ashenzari
Cheibriados
Dithmenos
Elyvilon
Fedhas
Gozag
Hepliaklqana
Kikubaaqudgha
Makhleb
Nemelex Xobeh
Okawaru
Qazlal
Ru
Sif Muna
Trog
Uskayaw
Vehumet
Wu Jian
Xom
Yredelemnul
Zin
The Shining One

Shops:
D:1 :(   D:5 *   D:9 [:

Annotations:
D:11 2 runed translucent doors, Taurus's ghost, journeyman MiFi


Innate Abilities, Weirdness & Mutations

You have very sharp teeth.
Your uncanny sense of smell can sniff out nearby items.
Your experience applies equally to all skills.


Message History

You puncture the yak! You bite the yak, but do no damage.
The yak is almost dead.
Casting: Gell's Gravitas (mildly dangerous; 4% risk of failure)
Confirm with . or Enter, or press ? or * to list all spells.
You don't have enough magic to cast this spell.
You hit the death yak but do no damage.
You punch the death yak, but do no damage.
The death yak misses you.
You puncture the death yak!
The death yak is lightly wounded.
You hit the death yak.
The death yak is lightly wounded.
The death yak gores you. The death yak gores you!
You hit the death yak.
The death yak is lightly wounded.
You hit the death yak.
The death yak is moderately wounded.
The death yak gores you!!
The death yak gores you but does no damage.
Casting: Gell's Gravitas (mildly dangerous; 4% risk of failure)
Confirm with . or Enter, or press ? or * to list all spells.
Aiming: Gell's Gravitas (mildly dangerous; 4% risk of failure)
Press: ? - help, Dir - move target, f/p - death yak
Aim: a death yak (lightly wounded) Gravity reorients around the death yak.
The death yak collides with the death yak!
The death yak is lightly wounded. x2
The death yak collides with the death yak!
The death yak is moderately wounded.
The death yak collides with the death yak!
The death yak is lightly wounded.
The yak collides with the death yak! x2
The death yak is lightly wounded.
You kill the yak!
Okawaru accepts your kill. The death yak gores you! x2
The death yak attacks as you move away! The death yak gores you!!
* * * LOW HITPOINT WARNING * * *
The death yak attacks as you move away! The death yak gores you!!
You die...

≈~♣♣♣..########.........
~.P.~≈P..................
.....≈♣~..#'P####..####..
......♣♣♣.......+..# #...
.!......♣P....†.#..# ##..
.?(.....≈..........# #.#
..(....Y♣P.........# #.#
Y?(:Y.YY♣P....###..# #.#
....†YY@..........## #.#
.(.(.≈♣♣...........###.#
....≈≈~...........##.#.#
.~~♣≈......"...........÷
≈≈ ♣~....####..###.#####
.~~....### #### ###
..P..## #####


You could see 4 death yaks and 2 yaks.

Vanquished Creatures
  A two-headed ogre (D:10)
  A death yak (Lair:1)
  Urug (D:10)
  An orc knight (Bailey)
  A deep elf pyromancer (Bailey)
  A cyclops (D:10)
  4 elephants (Lair:1)
  Maggie (D:8)
  A kobold demonologist (D:10)
  2 trolls (D:11)
  Grinder (D:4)
  A hornet (D:8)
  8 blink frogs
  Prince Ribbit (D:8)
  3 wraiths
  22 yaks
  A steam dragon (D:8)
  2 acid dragons
  An ice beast (D:6)
  7 orc warriors
  5 centaurs
  A phantom (D:7)
  2 kobold brigands
  4 bullfrogs
  A gnoll sergeant (D:7)
  6 scorpions
  11 wights
  14 killer bees
  6 howler monkeys
  A lava snake (D:10)
  5 hounds
  5 gnoll boudas
  6 orc priests
  A jelly (D:4)
  3 iguanas
  15 orc wizards
  Robin (D:4)
  30 gnolls
  15 adders
  4 shadow imps
  A white imp (D:8)
  An ufetubus (D:7)
  5 worms
  4 dart slugs
  55 orcs
  3 ball pythons
  15 bats
  16 endoplasms
  2 giant cockroaches (D:3)
  11 goblins
  9 hobgoblins
  5 quokkas
  A frilled lizard (D:1)
  14 kobolds
  2 rats
341 creatures vanquished.

Vanquished Creatures (others)
  100 foxfires
100 creatures vanquished.

Grand Total: 441 creatures vanquished

Notes
Turn   | Place    | Note
-------+----------+-------------------------------------------
     0 | D:1      | GimliDwarf the Gnoll Wanderer began the quest for the Orb.
     0 | D:1      | GimliDwarf set off with the following items: a +0 falchion,
                  | a +2 leather armour, 8 boomerangs, a +0 dagger, a scroll of
                  | teleportation.
     0 | D:1      | Reached XP level 1. HP: 17/17 MP: 1/1
   124 | D:1      | Found Otaduc's Weapon Shop.
   202 | D:1      | Found Akanokal's Book Boutique.
   253 | D:1      | Reached XP level 2. HP: 11/23 MP: 2/2
   766 | D:2      | Found a faded altar of an unknown god.
   919 | D:2      | Reached XP level 3. HP: 16/28 MP: 3/3
  1139 | D:2      | Reached skill level 1 in Invocations
  1153 | D:2      | Reached skill level 1 in Short Blades
  1153 | D:2      | Reached skill level 1 in Axes
  1153 | D:2      | Reached skill level 1 in Maces & Flails
  1153 | D:2      | Reached skill level 1 in Polearms
  1153 | D:2      | Reached skill level 1 in Staves
  1153 | D:2      | Reached skill level 1 in Ranged Weapons
  1153 | D:2      | Reached skill level 1 in Armour
  1153 | D:2      | Reached skill level 1 in Shields
  1153 | D:2      | Reached skill level 1 in Unarmed Combat
  1153 | D:2      | Reached skill level 1 in Spellcasting
  1153 | D:2      | Reached skill level 1 in Evocations
  1537 | D:3      | Reached XP level 4. HP: 34/34 MP: 5/5
  1665 | D:3      | Reached skill level 1 in Conjurations
  1665 | D:3      | Reached skill level 1 in Hexes
  1665 | D:3      | Reached skill level 1 in Summonings
  1665 | D:3      | Reached skill level 1 in Necromancy
  1665 | D:3      | Reached skill level 1 in Translocations
  1665 | D:3      | Reached skill level 1 in Transmutations
  1665 | D:3      | Reached skill level 1 in Fire Magic
  1665 | D:3      | Reached skill level 1 in Ice Magic
  1665 | D:3      | Reached skill level 1 in Air Magic
  1665 | D:3      | Reached skill level 1 in Earth Magic
  1665 | D:3      | Reached skill level 1 in Poison Magic
  1671 | D:3      | Found a transporter.
  1782 | D:3      | Found a transporter.
  2541 | D:3      | Reached XP level 5. HP: 28/40 MP: 5/7
  2703 | D:4      | Noticed Robin
  2980 | D:4      | Killed Robin
  2986 | D:4      | Found a basalt altar of Yredelemnul.
  3002 | D:3      | Reached XP level 6. HP: 43/47 MP: 8/8
  3120 | D:4      | Noticed Grinder
  3153 | D:4      | Paralysed by Grinder for 5 turns
  3159 | D:4      | Paralysed by Grinder for 5 turns
  3170 | D:4      | Killed Grinder
  3171 | D:4      | Reached XP level 7. HP: 24/52 MP: 10/10
  3363 | D:4      | HP: 1/52 [frozen (5)]
  3732 | D:4      | Reached skill level 9 in Dodging
  4034 | D:4      | Found a burning altar of Makhleb.
  4170 | D:5      | Entered Level 5 of the Dungeon
  4243 | D:5      | Found a staircase to the Ecumenical Temple.
  4264 | Temple   | Entered the Ecumenical Temple
  4573 | Temple   | Became a worshipper of Warmaster Okawaru
  4870 | D:4      | Reached XP level 8. HP: 55/60 MP: 12/12
  5105 | D:5      | Found Imiel's Assorted Antiques.
  5927 | D:6      | Reached * piety under Okawaru
  6686 | D:6      | Reached XP level 9. HP: 64/66 MP: 14/14
  6871 | D:7      | Found a flagged portal.
  6993 | Bailey   | Entered a bailey
  7020 | Bailey   | Reached skill level 5 in Fighting
  7020 | Bailey   | Reached skill level 5 in Throwing
  7038 | Bailey   | Noticed an orc knight
  7148 | Bailey   | Learned a level 1 spell: Foxfire
  7206 | Bailey   | Reached skill level 5 in Stealth
  7340 | Bailey   | Killed an orc knight
  7340 | Bailey   | Reached ** piety under Okawaru
  7341 | Bailey   | Reached skill level 5 in Invocations
  7579 | Bailey   | Found a large runed translucent door.
  7579 | Bailey   | Found a large runed translucent door.
  7580 | Bailey   | Noticed a deep elf pyromancer
  7727 | Bailey   | Learned a level 3 spell: Vampiric Draining
  7731 | Bailey   | Learned a level 3 spell: Portal Projectile
  7735 | Bailey   | Learned a level 3 spell: Swiftness
  7739 | Bailey   | Learned a level 3 spell: Confusing Touch
  7776 | Bailey   | Killed a deep elf pyromancer
  7777 | Bailey   | Reached skill level 5 in Short Blades
  7777 | Bailey   | Reached skill level 5 in Axes
  7777 | Bailey   | Reached skill level 5 in Maces & Flails
  7777 | Bailey   | Reached skill level 5 in Polearms
  7777 | Bailey   | Reached skill level 5 in Staves
  7777 | Bailey   | Reached skill level 5 in Ranged Weapons
  7777 | Bailey   | Reached skill level 5 in Armour
  7777 | Bailey   | Reached skill level 5 in Shields
  7777 | Bailey   | Reached skill level 5 in Unarmed Combat
  7777 | Bailey   | Reached skill level 5 in Spellcasting
  7777 | Bailey   | Reached skill level 5 in Evocations
  7777 | Bailey   | Reached XP level 10. HP: 60/76 MP: 15/17
  8073 | D:7      | Reached skill level 10 in Dodging
  8737 | D:7      | Learned a level 3 spell: Gell's Gravitas
  8824 | D:8      | Noticed Prince Ribbit
  8839 | D:8      | Killed Prince Ribbit
  8915 | D:8      | Noticed Maggie
  8932 | D:8      | Killed Maggie
  9170 | D:8      | Reached *** piety under Okawaru
  9541 | D:8      | Found a glowing silver altar of Zin.
  9542 | D:8      | Found an opulent altar of Gozag.
  9660 | D:8      | Reached skill level 5 in Conjurations
  9660 | D:8      | Reached skill level 5 in Hexes
  9660 | D:8      | Reached skill level 5 in Summonings
  9660 | D:8      | Reached skill level 5 in Necromancy
  9660 | D:8      | Reached skill level 5 in Translocations
  9660 | D:8      | Reached skill level 5 in Transmutations
  9660 | D:8      | Reached skill level 5 in Fire Magic
  9660 | D:8      | Reached skill level 5 in Ice Magic
  9660 | D:8      | Reached skill level 5 in Air Magic
  9660 | D:8      | Reached skill level 5 in Earth Magic
  9660 | D:8      | Reached skill level 5 in Poison Magic
  9889 | D:8      | Found a radiant altar of Vehumet.
  9889 | D:8      | Found a broken altar of Ashenzari.
 10129 | D:8      | Reached XP level 11. HP: 83/83 MP: 18/20
 10225 | D:9      | Found a staircase to the Orcish Mines.
 10582 | D:1      | Bought the +7 captain's cutlass {speed, disarm} for 594
                  | gold pieces
 10582 | D:1      | Found the +7 captain's cutlass {speed, disarm}
 11058 | D:9      | Found Zaeba's Book Shoppe.
 11191 | D:9      | Found Jaram's Antique Armour Emporium.
 11720 | D:10     | Entered Level 10 of the Dungeon
 11808 | D:10     | Noticed a cyclops
 11814 | D:10     | Killed a cyclops
 11814 | D:10     | Received a gift from Okawaru
 11928 | D:10     | HP: 4/84 [poisoned by a killer bee]
 12206 | D:10     | Noticed a two-headed ogre
 12230 | D:10     | Killed a two-headed ogre
 12230 | D:10     | Reached **** piety under Okawaru
 12230 | D:10     | Received a gift from Okawaru
 12344 | D:10     | Noticed Urug
 12363 | D:10     | Killed Urug
 12636 | D:10     | Received a gift from Okawaru
 12831 | D:10     | Reached skill level 11 in Dodging
 12951 | D:10     | Found a staircase to the Lair.
 13263 | D:11     | Found a runed translucent door.
 13287 | D:11     | Noticed a necromancer
 13287 | D:11     | Noticed a cyan ugly thing
 13287 | D:11     | Noticed a lich
 13287 | D:11     | Noticed Taurus's ghost (journeyman MiFi)
 13287 | D:11     | Noticed a skeletal warrior
 13288 | D:11     | Noticed a deep troll
 13288 | D:11     | Noticed a fire giant
 13404 | D:11     | Found a runed translucent door.
 13557 | D:11     | Noticed a manticore
 13609 | Lair:1   | Entered Level 1 of the Lair of Beasts
 13862 | Lair:1   | Reached XP level 12. HP: 85/91 MP: 14/22
 14038 | Lair:1   | Noticed a death yak
 14071 | Lair:1   | Noticed a death yak
 14097 | Lair:1   | Killed a death yak
 14180 | Lair:1   | Noticed a death yak
 14181 | Lair:1   | Noticed a death yak
 14181 | Lair:1   | Noticed a death yak
 14182 | Lair:1   | Noticed a death yak
 14267 | Lair:1   | Reached skill level 10 in Long Blades
 14621 | Lair:1   | Slain by a death yak

Illustrated notes

Levels and vault maps discovered:
D:1:      dpeg_arrival_arbitrary_a, layout_loops_ring, serial_shops, shop, shop
D:2:      layout_loops_ring, hellmonk_ecumenical_altar_lost_god
D:3:      gammafunk_wand_slinger, layout_loops_ring, serial_rivers,
          chequers_serial_rivers_small_b, chequers_serial_rivers_large_a,
          chequers_serial_rivers_large_b, chequers_serial_rivers_marsh
D:4:      cheibrodos_fertilizer, layout_rooms, lemuel_coloured_pillars_altar,
          mainiacjoe_overflow_six_doors_small, uniq_grinder, uniq_robin
D:5:      layout_loops_ring, minmay_temple_entry_sparse_star, serial_shops,
          shop, grunt_decor_arrowhead
D:6:      layout_loops_corners, minmay_fractal_squares_gapless_5
D:7:      layout_gridville, enter_bailey_1
D:8:      layout_basic, grunt_temple_overflow_gold_and_silver,
          mainiacjoe_overflow_large_starburst, uniq_maggie, uniq_prince_ribbit1
D:9:      layout_loops_ring, orc_david_3, serial_shops, shop, shop,
          minmay_misc_feat_columns
D:10:     old_forge, layout_cave_pools, dpeg_oklobed_lair,
          chequers_serial_rivers_room_a, kennysheep_generic_room_16, uniq_urug
D:11:     layout_cave_pools, muffindrake_ghost_dual_entry
Temple:   minmay_temple_bridge_d
Lair:1:   layout_chaotic_city, small_statue_intersection,
          nicolae_lair_grazing_beasts [nicolae_sub_lair_graze_edge,
          nicolae_sub_lair_graze_edge, nicolae_sub_lair_graze_edge,
          nicolae_sub_lair_graze_edge]

Skill      XL: |  1  2  3  4  5  6  7  8  9 10 11 12 |
---------------+-------------------------------------+-----
Invocations    | 1 2 3 4 5 6 7 8 |  8.2
Short Blades   | 1 2 3 5 6 7 |  7.5
Axes           | 1 2 3 5 6 7 |  7.5
Maces & Flails | 1 2 3 5 6 7 |  7.5
Polearms       | 1 2 3 5 6 7 |  7.5
Staves         | 1 2 3 5 6 7 |  7.5
Ranged Weapons | 1 2 3 5 6 7 |  7.5
Armour         | 1 2 3 5 6 7 |  7.5
Shields        | 1 2 3 5 6 7 |  7.5
Unarmed Combat | 1 2 3 5 6 7 |  7.5
Spellcasting   | 1 2 3 5 6 7 |  7.5
Evocations     | 1 2 3 5 6 7 |  7.5
Conjurations   | 1 2 3 4 5 6 |  6.2
Hexes          | 1 2 3 4 5 6 |  6.2
Summonings     | 1 2 3 4 5 6 |  6.2
Necromancy     | 1 2 3 4 5 6 |  6.2
Translocations | 1 2 3 4 5 6 |  6.2
Transmutations | 1 2 3 4 5 6 |  6.2
Fire Magic     | 1 2 3 4 5 6 |  6.2
Ice Magic      | 1 2 3 4 5 6 |  6.2
Air Magic      | 1 2 3 4 5 6 |  6.2
Earth Magic    | 1 2 3 4 5 6 |  6.2
Poison Magic   | 1 2 3 4 5 6 |  6.2
Fighting       | 3 4 5 6 7 8 |  8.0
Throwing       | 3 4 5 6 7 8 |  8.0
Stealth        | 3 4 5 6 7 |  7.9
Long Blades    | 7 8 9 10 | 10.0
Dodging        | 9 10 11 | 11.3

Action                     |  1- 3 |  4- 6 |  7- 9 | 10-12 || total
---------------------------+-------+-------+-------+-------++-------
  Melee: Falchion          |    83 |   106 |   345 |       ||   534
         Bite              |     7 |     9 |    48 |   111 ||   175
         Punch             |       |     6 |    18 |    51 ||    75
         Long sword        |       |       |    81 |   385 ||   466
         Cutlass           |       |       |       |   444 ||   444
  Throw: Boomerang         |     7 |    23 |    20 |    33 ||    83
         Dart              |     5 |     5 |    14 |    13 ||    37
         Throwing net      |       |     1 |     1 |     1 ||     3
         Javelin           |       |       |       |     6 ||     6
   Cast: Foxfire           |       |       |    45 |     7 ||    52
         Confusing Touch   |       |       |     2 |     6 ||     8
         Gell's Gravitas   |       |       |       |    23 ||    23
         Vampiric Draining |       |       |       |     1 ||     1
 Invoke: Heroism           |       |       |     2 |    20 ||    22
         Finesse           |       |       |       |     1 ||     1
  Evoke: Wand              |       |     8 |    10 |     6 ||    24
    Use: Scroll            |     7 |     3 |     6 |    12 ||    28
         Potion            |       |     2 |     2 |     2 ||     6
   Stab: Sleeping          |     7 |     3 |     9 |     6 ||    25
         Distracted        |       |       |     2 |     1 ||     3
         Confused          |       |       |     2 |     5 ||     7
         Invisible         |       |       |       |     1 ||     1
 Armour: Leather armour    |    23 |    45 |    86 |   139 ||   293
  Dodge: Dodged            |    62 |   101 |   328 |   689 ||  1180
